 Dungeon Crawl Stone Soup version 0.31.0-9-g3a7656b989 (webtiles) character file.

Game seed: 1823753909964725019

15 qw the Shooter (level 2, 0/14 HPs)
             Began as a Spriggan Hunter on Feb 2, 2024.
             Succumbed to their own poison gas
             ... on level 1 of the Dungeon.
             The game lasted 00:00:01 (423 turns).

qw the Shooter (Spriggan Hunter)                     Turns: 423, Time: 00:00:02

Health: 0/14       AC:  2    Str:  5 (7)  XL:     2   Next: 34%
Magic:  3/3        EV: 18    Int:  7 (10) God:
Gold:   39         SH:  0    Dex: 15 (18) Spells: 1/1 levels left

rFire   . . .        m - +0 arbalest (drain)
rCold   . . .        (shield currently unavailable)
rNeg    + . .        c - +0 robe
rPois   .            (helmet restricted)
rElec   .            (no cloak)
rCorr   .            (gloves unavailable)
SInv    +            (boots unavailable)
Will    .....        (no amulet)
Stlth   ++           j - ring of positive energy
HPRegen 0.22/turn    (no ring)
MPRegen 0.08/turn

%: no passive effects
@: lethally poisoned (0 -> -4), very quick
A: very small, no large weapons, unfitting armour, see invisible, speed 3
a: no special abilities


You were on level 1 of the Dungeon.
You visited 1 branch of the dungeon, and saw 1 of its levels.

You collected 39 gold pieces.


Innate Abilities, Weirdness & Mutations

You are very small and have problems with some larger weapons.
You are too small for most types of armour.
You have supernaturally acute eyesight. (SInv)
You cover ground extremely quickly. (Speed+++)


   Skills:
 - Level 1.5 Fighting
 + Level 4.0 Ranged Weapons
 - Level 4.0 Dodging
 - Level 1.5 Stealth


You had one spell level left.
You didn't know any spells.
Your spell library was empty.

Inventory:

Hand Weapons
 m - a +0 arbalest of draining (weapon)
Armour
 c - a +0 robe (worn)
Jewellery
 j - a ring of positive energy (left hand)
Potions
 d - a potion of brilliance {unknown}
 g - a potion of haste {unknown}
 i - a potion of lignification {unknown}
 k - a potion of curing {unknown}
 n - a potion of might {unknown}

Dungeon Overview and Level Annotations

Branches:
Dungeon (1/15)

Altars:


Message History

Done exploring.
414 ||| DROPPING potion of berserk rage.
You drop a potion of berserk rage.
Done exploring.
415 ||| DROPPING scroll of butterflies.
You drop a scroll of butterflies.
Done exploring.
416 ||| DROPPING potion of degeneration.
You drop a potion of degeneration.
Done exploring.
What level of the Dungeon? (default 1, ? - help) Sorry, I don't know how to get there.
Enter note:
Enter note:
Enter note:
Enter note:
Enter note:
Enter note:
Enter note:
Enter note:
Enter note:
Enter note:
Enter note:
Enter note: You are engulfed in poison gas.
You are lethally poisoned!
You feel very sick.
418 ||| Stepping ~*~*~tactically~*~*~ (cloud).
You feel sick.
Things that are here:
a potion of degeneration; a scroll of butterflies; a potion of berserk rage
There is a lethal amount of poison in your body!
You feel sick.
There is a lethal amount of poison in your body!
You feel very sick.
There is a lethal amount of poison in your body!
You feel sick.
There is a lethal amount of poison in your body!
You feel sick.
There is a lethal amount of poison in your body!
You die...

#.....##.# #.......#..
#.....##.####.........#
#...................#..
#.....###'###.......#..
#......#8.8#...........
########7<7##.......#..
###7777 #..........
#¤077777#########..
#.@00.00.¤.........
#.¤.0¤0¤¤#######...
#000...0## #...
#¤0¤00¤.# ###..#
####0.### ###....#
##00# ##....... ##...#
##........
##..#0####.........
#..................


There were no monsters in sight!

Vanquished Creatures
  2 endoplasms (D:1)
  A giant cockroach (D:1)
  2 goblins (D:1)
  2 hobgoblins (D:1)
  A ball python (D:1)
  3 bats (D:1)
  2 frilled lizards (D:1)
  A kobold (D:1)
  A rat (D:1)
15 creatures vanquished.

Notes
Turn   | Place    | Note
-------+----------+-------------------------------------------
     0 | D:1      | qw the Spriggan Hunter began the quest for the Orb.
     0 | D:1      | Reached XP level 1. HP: 10/10 MP: 2/2
     0 | D:1      | 0 ||| qw: Version: 0.3-a-155-g5e7d8dd
     0 | D:1      | 0 ||| qw: Game counter: 2520
     0 | D:1      | 0 ||| qw: Melee chars always use a shield: true
     0 | D:1      | 0 ||| qw: God list: Okawaru
     0 | D:1      | 0 ||| qw: Allow faded altars: false
     0 | D:1      | 0 ||| qw: Do Orc after clearing Dungeon:15 true
     0 | D:1      | 0 ||| qw: Do second Lair branch before Depths: true
     0 | D:1      | 0 ||| qw: Lair rune preference: random
     0 | D:1      | 0 ||| qw: Goals: Normal
     0 | D:1      | 0 ||| PLANNING D:1-11
    46 | D:1      | Reached skill level 3 in Dodging
   239 | D:1      | Reached XP level 2. HP: 14/14 MP: 3/3
   325 | D:1      | 325 ||| SWAPPING to +0 arbalest.
   326 | D:1      | 326 ||| DROPPING +0 shortbow.
   408 | D:1      | 408 ||| UPGRADING to ring of positive energy.
   409 | D:1      | 409 ||| READING scroll labelled UTOETO GOBUNEKK.
   409 | D:1      | 409 ||| BRANDING +0 arbalest.
   410 | D:1      | 410 ||| READING scroll labelled GITHRE QITSYPAU.
   411 | D:1      | 411 ||| READING scroll labelled YHIEGEROXT.
   412 | D:1      | 412 ||| READING scroll labelled ONEDESTRYMAM.
   412 | D:1      | 412 ||| IDENTIFYING fizzy yellow potion
   413 | D:1      | 413 ||| DRINKING 2 golden potions.
   414 | D:1      | 414 ||| DROPPING potion of berserk rage.
   415 | D:1      | 415 ||| DROPPING scroll of butterflies.
   416 | D:1      | 416 ||| DROPPING potion of degeneration.
   418 | D:1      | 418 ||| Stepping ~*~*~tactically~*~*~ (cloud).
   421 | D:1      | HP: 3/14 [poisoned by you (poison gas)]
   422 | D:1      | HP: 1/14 [poisoned by you (poison gas)]
   423 | D:1      | Succumbed to their own poison gas

Levels and vault maps discovered:
D:1:      saegor_arrival_simple_b, layout_rooms

Skill      XL: |  1  2 |
---------------+-------+-----
Dodging        | 3 4 |  4.0
Fighting       | |  1.5
Ranged Weapons | |  4.0
Stealth        | |  1.5

Action                     || total
---------------------------++-------
   Fire: Shortbow          ||    36
         Arbalest          ||     3
    Use: Scroll            ||     4
         Potion            ||     1
  Dodge: Dodged            ||     4

Table legend:
 A = Non-vault XP
 B = Vault XP
 C = Vault XP percentage of total XP
 D = Non-vault monster count
 E = Vault monster count
 F = Vault count percentage of total count
                 A         B        C        D         E       F
            +---------+---------+-------+---------+---------+-------
      Total |      22 |       0 |   0.0 |      15 |       0 |   0.0
            +---------+---------+-------+---------+---------+-------
        D:1 |      22 |       0 |   0.0 |      15 |       0 |   0.0
            +---------+---------+-------+---------+---------+-------
